 Dungeon Crawl Stone Soup version 0.30.0-29-ga12c61a403 (webtiles) character file.

Game seed: 12502823139466462281

80 qw the Chopper (level 4, -4/28 HPs)
             Began as a Gargoyle Fighter on June 6, 2023.
             Slain by Sigmund
             ... wielding a +6 scythe of protection
              (9 damage)
             ... on level 3 of the Dungeon.
             The game lasted 00:00:56 (1958 turns).

qw the Chopper (Gargoyle Fighter)                   Turns: 1958, Time: 00:00:57

Health: -4/28      AC: 10    Str: 21    XL:     4   Next: 39%
Magic:  4/4        EV: 14    Int:  9    God:
Gold:   66         SH:  5    Dex: 15    Spells: 3/3 levels left

rFire   . . .        Y - +1 war axe
rCold   . . .        c - +0 buckler
rNeg    + . .        b - +0 scale mail
rPois   inf          (no helmet)
rElec   +            (no cloak)
rCorr   .            (no gloves)
SInv    .            (no boots)
Will    .....        (no amulet) Stlth
                     m - +5 ring of evasion
HPRegen 0.24/turn    k - +6 ring of dexterity
MPRegen 0.09/turn

%: no passive effects
@: about to teleport
A: sickness immunity, AC +3, negative energy resistance 1, electricity
resistance, torment resistance 1, petrification resistance
a: no special abilities


You were on level 3 of the Dungeon.
You visited 1 branch of the dungeon, and saw 3 of its levels.

You collected 66 gold pieces.


Innate Abilities, Weirdness & Mutations

You are immune to sickness and miasma.
Your stone body is resilient. (AC +3)
You are immune to poison.
You resist negative energy. (rN+)
You are resistant to electric shocks. (rElec)
You are resistant to unholy torment.
You are immune to petrification.


   Skills:
 - Level 3.2 Fighting
 + Level 3.8 Axes
 - Level 3.2 Armour
 - Level 1.0 Dodging
 - Level 3.2 Shields


You had 3 spell levels left.
You didn't know any spells.
Your spell library was empty.

Inventory:

Hand Weapons
 j - a +0 club
 Y - a +1 war axe (weapon)
Armour
 b - a +0 scale mail (worn)
 c - a +0 buckler (worn)
Jewellery
 k - a +6 ring of dexterity (right hand)
 m - a +5 ring of evasion (left hand)
Scrolls
 h - a scroll of teleportation
 n - a scroll of poison {unknown}
Potions
 a - a potion of attraction {unknown}
 d - a potion of might
 e - a potion of curing {unknown}
 f - a potion of cancellation
 g - a potion of mutation {unknown}
 i - 2 potions of heal wounds
 l - a potion of resistance {unknown}

Dungeon Overview and Level Annotations

Branches:
Dungeon (3/15)

Altars:
Vehumet

Annotations:
D:3 Sigmund


Message History

Sigmund hits you but does no damage.
You closely miss Sigmund.
Sigmund is lightly wounded.
Sigmund hits you with a +6 scythe of protection.
You slash Sigmund!
Sigmund is heavily wounded.
Sigmund is suddenly surrounded by pale green light.
Sigmund hits you with a +6 scythe of protection.
You closely miss Sigmund.
Sigmund is moderately wounded.
You block Sigmund's attack.
You barely miss Sigmund.
Sigmund is moderately wounded.
Sigmund points at you and mumbles some strange words.
You resist with some effort.
You slash Sigmund!
Sigmund is severely wounded.
Sigmund points at you and mumbles some strange words.
You are confused.
Sigmund barely misses you.
Sigmund hits you with a +6 scythe of protection!
Sigmund hits you with a +6 scythe of protection!
Sigmund screams, "Die, monster!"
Sigmund barely misses you. Sigmund completely misses you.
You feel less confused.
You slash Sigmund!
Sigmund is almost dead.
Sigmund barely misses you.
You barely miss Sigmund.
Sigmund is almost dead.
Sigmund hits you but does no damage.
You closely miss Sigmund.
Sigmund is almost dead.
Sigmund hits you with a +6 scythe of protection.
1958 ||| READING 2 scrolls of teleportation.
As you read the scroll of teleportation, it crumbles to dust.
You feel strangely unstable.
Sigmund hits you with a +6 scythe of protection!
You die...

###.....)...#
#.'.........+
#.#.........#####
#.#..............
#.#######'#######
#.......#.#
#######.#.# #.#.#
#.#@# #.#@# #.#.#
#.#.# #.#.#
##############.#..
..............>#..
##############.#.#
...# #.#


You could see Sigmund.

Vanquished Creatures
  2 adders
  3 dart slugs (D:2)
  3 orcs (D:2)
  3 ball pythons
  3 bats
  3 endoplasms
  4 giant cockroaches
  8 goblins
  3 hobgoblins
  4 jackals (D:2)
  A kobold (D:3)
  A quokka (D:2)
  3 frilled lizards
  4 rats (D:1)
45 creatures vanquished.

Notes
Turn   | Place    | Note
-------+----------+-------------------------------------------
     0 | D:1      | qw the Gargoyle Fighter began the quest for the Orb.
     0 | D:1      | Reached XP level 1. HP: 14/14 MP: 1/1
     0 | D:1      | 0 ||| qw: Version: 0.2-a-108-gee2c290
     0 | D:1      | 0 ||| qw: Game counter: 1521
     0 | D:1      | 0 ||| qw: Always use a shield: true
     0 | D:1      | 0 ||| qw: God list: Okawaru
     0 | D:1      | 0 ||| qw: Allow faded altars: false
     0 | D:1      | 0 ||| qw: Do Orc after D:15 true
     0 | D:1      | 0 ||| qw: Do second Lair branch before Depths: true
     0 | D:1      | 0 ||| qw: Lair rune preference: random
     0 | D:1      | 0 ||| qw: Plans: Normal, Zot:1-4, Slime:5, God:TSO, Crypt,
                  | Tomb, Abyss, Pan, Hells, Win
     0 | D:1      | 0 ||| PLANNING D:1-11
   215 | D:1      | 215 ||| Stepping ~*~*~tactically~*~*~ (stealth).
   216 | D:1      | 216 ||| Stepping ~*~*~tactically~*~*~ (stealth).
   226 | D:1      | Reached XP level 2. HP: 19/19 MP: 2/2
   702 | D:1      | 702 ||| DROPPING scarf of shadows.
   703 | D:1      | 703 ||| DROPPING orb of light.
   704 | D:1      | 704 ||| DROPPING scarf of shadows.
   705 | D:1      | 705 ||| UPGRADING to +5 ring of evasion.
   706 | D:1      | 706 ||| READING scroll labelled JYETUL DEROM.
   707 | D:1      | 707 ||| READING scroll labelled QOALIOTHAUH.
   708 | D:1      | 708 ||| READING scroll labelled YCU IDGHOECLEP.
   711 | D:1      | 711 ||| READING scroll labelled AHUEPTUDIHO.
   712 | D:1      | 712 ||| READING scroll labelled ESKODO OGISA.
   713 | D:1      | 713 ||| DRINKING 2 grey potions.
   818 | D:1      | 818 ||| DROPPING potion of berserk rage.
   876 | D:2      | Found a radiant altar of Vehumet.
   892 | D:2      | 892 ||| Stepping ~*~*~tactically~*~*~ (stealth).
   900 | D:2      | Reached skill level 3 in Axes
   902 | D:2      | Reached XP level 3. HP: 23/23 MP: 3/3
   966 | D:2      | 966 ||| Stepping ~*~*~tactically~*~*~ (hiding).
  1169 | D:2      | 1169 ||| Stepping ~*~*~tactically~*~*~ (stealth).
  1170 | D:2      | 1170 ||| Stepping ~*~*~tactically~*~*~ (stealth).
  1183 | D:2      | 1183 ||| Stepping ~*~*~tactically~*~*~ (hiding).
  1391 | D:2      | Reached XP level 4. HP: 28/28 MP: 4/4
  1507 | D:2      | 1507 ||| UPGRADING to +6 ring of dexterity.
  1508 | D:2      | 1508 ||| READING scroll labelled MIVA FAERAPP.
  1509 | D:2      | 1509 ||| READING scroll labelled CORURH VEYC.
  1510 | D:2      | 1510 ||| DRINKING 2 murky clear potions.
  1511 | D:2      | 1511 ||| DRINKING 3 lumpy coppery potions.
  1650 | D:3      | 1650 ||| Stepping ~*~*~tactically~*~*~ (stealth).
  1755 | D:3      | Reached skill level 1 in Dodging
  1932 | D:3      | Noticed Sigmund
  1957 | D:3      | HP: 4/28 [Sigmund/+6 scythe of protection (6)]
  1958 | D:3      | 1958 ||| READING 2 scrolls of teleportation.
  1958 | D:3      | Slain by Sigmund

Levels and vault maps discovered:
D:1:      reono_arrival_forest_river, layout_basic, skrybe_limestone_x,
          minmay_door_square, minmay_tree_intersection, corner_web_ring
D:2:      layout_rooms, basic_altar, minmay_misc_feat_hallway
D:3:      layout_basic, uniq_sigmund

Skill      XL: |  1  2  3  4 |
---------------+-------------+-----
Axes           | 2 3 |  3.8
Dodging        | 1 |  1.0
Fighting       | |  3.2
Armour         | |  3.2
Shields        | |  3.2

Action                     |  1- 3 |  4- 6 || total
---------------------------+-------+-------++-------
  Melee: War axe           |    79 |    54 ||   133
    Use: Scroll            |     5 |     3 ||     8
         Potion            |     1 |     2 ||     3
 Armour: Scale mail        |    25 |    12 ||    37
  Dodge: Dodged            |    37 |    29 ||    66
  Block: Buckler           |    11 |     8 ||    19

Table legend:
 A = Non-vault XP
 B = Vault XP
 C = Vault XP percentage of total XP
 D = Non-vault monster count
 E = Vault monster count
 F = Vault count percentage of total count
                 A         B        C        D         E       F
            +---------+---------+-------+---------+---------+-------
      Total |     115 |       0 |   0.0 |      45 |       0 |   0.0
            +---------+---------+-------+---------+---------+-------
        D:1 |      22 |       0 |   0.0 |      14 |       0 |   0.0
        D:2 |      64 |       0 |   0.0 |      22 |       0 |   0.0
        D:3 |      29 |       0 |   0.0 |       9 |       0 |   0.0
            +---------+---------+-------+---------+---------+-------
